 Dungeon Crawl Stone Soup version 0.29-a0-233-g1125b37a9b (webtiles) character file.

Game seed: 1023700920132663390

14671 spaghetti the Peltast (level 11, -10/124 HPs)
             Began as a Demonspawn Berserker on Mar 1, 2022.
             Was an Elder of Trog.
             Mangled by an eight-headed hydra (13 damage)
             ... on level 2 of the Lair of Beasts.
             The game lasted 00:22:32 (12581 turns).

spaghetti the Peltast (Demonspawn Berserker)       Turns: 12581, Time: 00:22:33

Health: -10/124    AC: 13    Str: 22    XL:     11   Next: 91%
Magic:  11/11      EV: 17    Int:  8    God:    Trog [****..]
Gold:   171        SH: 23    Dex: 13    Spells: 10/10 levels left

rFire   . . .      SeeInvis .   c - +6 quick blade (chaos) {shortrare=g}
rCold   . . .      Faith    .   E - +0 tower shield
rNeg    . . .      Spirit   .   H - +0 swamp dragon scales
rPois   +          Reflect  +   (helmet restricted)
rElec   .          Harm     .   D - +0 cloak
rCorr   .          Rampage  .   R - +0 pair of gloves
Will    ++...      Clarity  +   (no boots)
Stlth   ..........              Q - amulet of reflection
HPRegen 1.30/turn               P - +4 ring of evasion
MPRegen 0.12/turn               z - +4 ring of evasion

@: mighty, berserking, strong-willed, regenerating, very quick
A: hooves 2, icy blue scales 1, spiny 1, antennae 1, clarity
a: Renounce Religion, Berserk, Trog's Hand, Brothers in Arms


You were on level 2 of the Lair of Beasts.
You worshipped Trog.
Trog was greatly pleased with you.
You visited 2 branches of the dungeon, and saw 13 of its levels.

You collected 814 gold pieces.
You spent 643 gold pieces at shops.


Innate Abilities, Weirdness & Mutations

You have hoof-like feet.
You are partially covered in icy blue scales. (AC +2)
You are partially covered in sharp spines.
You have a pair of small antennae on your head.
You possess an exceptional clarity of mind.


   Skills:
 - Level 6.9 Fighting
 + Level 5.1 Short Blades
 - Level 5.5 Armour
 - Level 1.7 Dodging
 + Level 15.0 Shields
 - Level 2.6 Unarmed Combat


You had 10 spell levels left.
You didn't know any spells.
Your spell library contained the following spells:

 Spells                   Type           Power      Damage    Failure   Level
 Freeze                   Ice            0%         1d3       94%         1
 Sting                    Tmut/Pois      0%         1d3       94%         1
 Poisonous Vapours        Pois/Air       0%         N/A       98%         2
 Sublimation of Blood     Necr           0%         N/A       98%         2
 Wereblood                Tmut           0%         N/A       98%         2
 Spider Form              Tmut/Pois      0%         N/A       100%        3
 Animate Armour           Summ/Erth      0%         N/A       100%        4
 Hailstorm                Conj/Ice       0%         3d3       100%        4
 Ice Form                 Ice/Tmut       0%         N/A       100%        4
 Summon Lightning Spire   Summ/Air       0%         N/A       100%        4
 Simulacrum               Ice/Necr       0%         N/A       100%        6
 Ozocubu's Refrigeration  Ice            0%         4d5       100%        7
 Storm Form               Tmut/Air       0%         N/A       100%        7
 Summon Hydra             Summ           0%         N/A       100%        7
 Maxwell's Capacitive Co  Air            0%         ∞         100%        8

Inventory:

Hand Weapons
 c - a +6 quick blade of chaos (weapon) {shortrare=g}
   (You acquired it on level 1 of the Lair of Beasts)
 m - a +1 dagger of venom {short}
   (You took it off a goblin on level 1 of the Dungeon)
 u - a +1 broad axe of flaming {axe}
   (You took it off Maggie on level 6 of the Dungeon)
 x - the +5 battleaxe of Embarrassment {freeze, rPois rN++ Str-3 Stlth+, axe}
   (You found it on level 4 of the Dungeon)

   It freezes those it strikes, dealing additional cold damage.
   It can also slow down cold-blooded creatures.
   Str:       It affects your strength (-3).
   rPois:     It protects you from poison.
   rN:        It greatly protects you from negative energy.
   Stlth:     It makes you more stealthy.
 L - a +0 dagger of electrocution {short}
   (You took it off a kobold on level 7 of the Dungeon)
 M - a +0 hand crossbow {crossbow}
   (You took it off a kobold on level 7 of the Dungeon)
Missiles
 j - 502 stones (quivered) {throwing}
 k - 3 silver boomerangs {throwing}
 n - 8 poisoned darts {throwing}
 v - 6 boomerangs {throwing}
 y - 5 javelins {throwing}
 N - 4 curare-tipped darts {=fthrowing}
Armour
 a - a +0 animal skin
 f - a +2 scale mail of cold resistance
   (You found it on level 1 of the Dungeon)
 D - a +0 cloak (worn)
   (You took it off Crazy Yiuf on level 4 of the Dungeon)
 E - a +0 tower shield (worn)
   (You bought it in a shop on level 2 of the Dungeon)
 H - +0 swamp dragon scales (worn)
   (You took it off Maggie on level 6 of the Dungeon)
 R - a +0 pair of gloves (worn)
   (You found it on level 7 of the Dungeon)
Magical Staves
 p - a staff of fire {forbidden!astaff}
   (You found it on level 2 of the Dungeon)
 w - a staff of death {forbidden!astaff}
   (You found it on level 3 of the Dungeon)
Jewellery
 d - a ring of flight
   (You took it off an orc on level 3 of the Dungeon)
 z - a +4 ring of evasion (right hand)
   (You bought it in a shop on level 5 of the Dungeon)
 F - a ring of ice
   (You found it on level 5 of the Dungeon)
 J - an amulet of regeneration {@e2}
   (You found it on level 6 of the Dungeon)
 P - a +4 ring of evasion (left hand)
   (You found it on level 7 of the Dungeon)
 Q - an amulet of reflection (around neck)
   (You found it on level 7 of the Dungeon)
Wands
 q - a wand of polymorph (12)
   (You took it off Ijyb on level 4 of the Dungeon)
 K - a wand of paralysis (15)
   (You found it on level 6 of the Dungeon)
 O - a wand of digging (7)
   (You found it on level 7 of the Dungeon)
 S - a wand of iceblast (10)
   (You took it off an orc on level 7 of the Dungeon)
 W - a wand of acid (4)
   (You found it on level 9 of the Dungeon)
Scrolls
 b - a scroll of identify {@r1}
 h - a scroll of teleportation {@r4}
 s - a scroll of immolation {!r!r}
 t - 2 scrolls of vulnerability {!r!r}
 B - 2 scrolls of brand weapon
 G - a scroll of silence {!r}
 T - a scroll of magic mapping {!r}
Potions
 e - 3 potions of mutation {!q}
 g - 4 potions of curing {@q1}
 i - a potion of magic
 A - a potion of attraction {!q}
Miscellaneous
 V - a lightning rod (4/4)
   (You found it on level 9 of the Dungeon)

Dungeon Overview and Level Annotations

Branches:
Dungeon (11/15)            Temple (0/1) D:4            Lair (2/6) D:8
 Spider (0/4) Lair:2
  Swamp: Lair:2-4    Shoals: Lair:2-4       Orc: D:9-12

Altars:
Cheibriados
Dithmenos
Elyvilon
Fedhas
Gozag
Qazlal
Ru
Vehumet
Wu Jian
Yredelemnul
The Shining One

Shops:
D:2 [   D:3 ( D:5

= #...........##
###...≈≈...#
##...#.≈≈...##
###≈#...##
#...#≈≈≈....# #######
#...≈≈≈≈...## ##
#..#≈≈≈...#.# ...
#.##≈≈...#### ....
##..#≈≈..#######....≈
#..##≈≈....##Ohyr..≈≈
#...#≈≈≈.....@Sy≈≈≈≈≈
##.##≈≈≈≈≈≈..Dkl≈≈≈≈≈
#..##≈≈≈≈≈≈≈Hl≈H≈≈≈≈
#...####≈≈≈≈≈≈###≈≈≈
#...## ######## ≈≈ ##
#..#.## ≈ #.
##.....## {{ ##†
#.......#### ###..
#P.........##
############.#..


You could see an eight-headed hydra (berserk), 2 manticores, a rime drake
(catching breath), 2 hornets, a water moccasin, 2 wyverns, a wolf (ally target),
a hell rat and a friendly two-headed ogre (summoned, berserk).


Message History

The eight-headed hydra roars!
You hit the wolf. You burn the wolf. Your kick misses the wolf.
You hear an angry hiss.
The wolf pauses to sniff the ground.
You block the wolf's attack. You block the water moccasin's attack.
A hornet comes into view.
The wolf completely misses you.
You closely miss the wolf.
A wyvern comes into view.
You block the water moccasin's attack. You block the wolf's attack.
The rime drake breathes ice at you. The flash freeze hits you!
You are encased in ice. 😕 HP[-17]
You take 17 damage, and now have 66/83 hp.
MASSIVE DAMAGE!! (PAUSE) Unknown command.
Unknown command.
Unknown command.
Unknown command.
You feel very mighty all of a sudden. You block the water moccasin's attack.
The wolf is struck by your spines. The wolf closely misses you.
You block the rime drake's attack.
Unknown command.
Your skin crawls.
You feel strong-willed. The ice encasing you melts away.
You block the wolf's attack. You block the water moccasin's attack.
The wolf is struck by your spines. The wolf barely misses you.
The rime drake is struck by your spines.
The rime drake completely misses you.
The water moccasin is struck by your spines.
The water moccasin closely misses you. 😕 HP[+1] Unknown command.
Unknown command.
Your two-headed ogre goes berserk!
The wolf bites you.
A wyvern comes into view.
You block the water moccasin's attack. The rime drake closely misses you.
The wolf closely misses you.
The eight-headed hydra is struck by your spines.
The eight-headed hydra bites you. The eight-headed hydra misses you. x3
You block the eight-headed hydra's attack. x2
The eight-headed hydra misses you. The eight-headed hydra bites you.
The wyvern moves out of view. 😕 HP[-3]
You take 3 damage, and now have 64/83 hp.
A red film seems to cover your vision as you go berserk!
You feel yourself moving faster!
You feel mighty! You block the water moccasin's attack.
The wolf closely misses you.
The rime drake is struck by your spines.
The rime drake misses you. You block the water moccasin's attack.
You block the eight-headed hydra's attack.
The eight-headed hydra bites you.
You block the eight-headed hydra's attack.
The eight-headed hydra bites you!
The eight-headed hydra barely misses you. x2
The eight-headed hydra bites you but does no damage.
The eight-headed hydra bites you! 😮 HP[+7]
You now have 124 max hp (+41).
You regained 7 hp, and now have 71/124 hp.
Unknown command.
You puncture the eight-headed hydra! You burn the eight-headed hydra.
You kick the eight-headed hydra! You block the wolf's attack.
You block the rime drake's attack.
You puncture the eight-headed hydra!
The eight-headed hydra goes berserk!
You block the wolf's attack. You block the water moccasin's attack.
You block the eight-headed hydra's attack.
The eight-headed hydra bites you. The eight-headed hydra bites you!
* * * LOW HITPOINT WARNING * * *
The eight-headed hydra bites you!
* * * LOW HITPOINT WARNING * * *
The eight-headed hydra bites you!
* * * LOW HITPOINT WARNING * * *
You block the eight-headed hydra's attack.
The eight-headed hydra bites you!
* * * LOW HITPOINT WARNING * * *
The eight-headed hydra bites you but does no damage. 😱 HP[-45]
You take 45 damage, and now have 26/124 hp.
MASSIVE DAMAGE!! (PAUSE)
You hit the eight-headed hydra. You kick the eight-headed hydra.
The rime drake breathes ice at you.
The flash freeze reflects off an invisible shield around you!
The flash freeze misses the rime drake.
You block the wolf's attack.
Unknown command.
You barely miss the eight-headed hydra. You block the water moccasin's attack.
The eight-headed hydra completely misses you.
The eight-headed hydra bites you!
* * * LOW HITPOINT WARNING * * *
You block the eight-headed hydra's attack.
The eight-headed hydra bites you but does no damage.
The eight-headed hydra bites you!
* * * LOW HITPOINT WARNING * * *
You block the eight-headed hydra's attack.
The eight-headed hydra bites you!
You die...

Skill      XL: |  1  2  3  4  5  6  7  8  9 10 11 |
---------------+----------------------------------+-----
Armour         | 2 3 4 5 |  5.5
Fighting       | 4 5 6 |  6.9
Shields        | 3 7 10 13 15 | 15.0
Short Blades   | 5 |  5.1
Dodging        | |  1.7
Unarmed Combat | |  2.6

Action                   |  1- 3 |  4- 6 |  7- 9 | 10-12 || total
-------------------------+-------+-------+-------+-------++-------
Melee: Unarmed           |    33 |       |       |       ||    33
       Punch             |     2 |     6 |     2 |       ||    10
       Dagger            |    55 |   141 |   308 |   267 ||   771
       Kick              |       |     7 |    93 |   204 ||   304
       Quick blade       |       |       |       |   313 ||   313
Throw: Dart              |       |     2 |       |       ||     2
       Stone             |       |     2 |       |       ||     2
Invok: Berserk           |       |     3 |    13 |     7 ||    23
       Trog's Hand       |       |     2 |       |     3 ||     5
       Brothers in Arms  |       |       |       |     2 ||     2
Evoke: Wand              |       |       |       |     2 ||     2
  Use: Potion            |       |     5 |     3 |     5 ||    13
       Scroll            |       |     3 |     5 |     9 ||    17
 Stab: Paralysed         |       |       |       |     6 ||     6
       Confused          |       |       |       |     3 ||     3
Armor: Animal skin       |     2 |       |       |       ||     2
       Scale mail        |    32 |    48 |    52 |       ||   132
       Swamp dragon scal |       |       |    95 |   107 ||   202
       Skin              |       |       |       |    20 ||    20
Dodge: Dodged            |    42 |    75 |   114 |   240 ||   471
Block: Tower shield      |       |       |   269 |   623 ||   892
       Reflection        |       |       |       |     3 ||     3

Levels and vault maps discovered:
D:1:      evilmike_arrival_grusome_pit, layout_rooms,
          ebering_ecumenical_altar_sacrificial
D:2:      layout_loops_cross, serial_shops, nicolae_shop_hallway_plus
D:3:      lemuel_castle_with_subvaults [lemuel_castle_interior_carwin_1],
          layout_rooms, serial_shops, nicolae_shop_hallway_stairs
D:4:      layout_loops_ring, grunt_temple_overflow_octagram,
          minmay_temple_entry_statues_pillars, uniq_crazy_yiuf_cottage,
          uniq_ijyb
D:5:      layout_rooms, nicolae_elyvilon_temple_path, serial_shops, shop,
          uniq_blork_the_orc, uniq_duvessa
D:6:      layout_loops_ring, uniq_maggie, uniq_edmund
D:7:      wander_river, layout_gridville
D:8:      layout_cave_pools, yredelemnul_forgotten_temple_becter,
          lair_entry_dummy, serial_park, serial_park_square3
          [serial_park_minivault_5x5_5], serial_park_gazebo
          [serial_park_minivault_5x5_8], serial_park_square3
          [serial_park_minivault_5x5_8], serial_park_square2,
          serial_park_square2
D:9:      layout_stronghold, minmay_orc_entry_guard_dogs
D:10:     layout_basic, nzn_wu_jian_contemplation,
          nicolae_overflow_hidden_temple, uniq_josephine
D:11:     layout_stronghold
Lair:1:   lemuel_ratsnest, layout_long_grid, nicolae_volcano_entry_batcave,
          serial_bayou_shore_a, uniq_sonja
Lair:2:   layout_big_grid, nicolae_spider_entry_tight_spaces,
          nicolae_lair_lakeside_cave, infiniplex_staircase_pool_2

Notes
Turn   | Place    | Note
-------+----------+-------------------------------------------
     0 | D:1      | spaghetti the Demonspawn Berserker began the quest for the
                  | Orb.
     0 | D:1      | Reached XP level 1. HP: 18/18 MP: 1/1
     0 | D:1      | magus.rc [v1.9.6]
   308 | D:1      | Gained mutation: You are partially covered in sharp spines.
                  | [demonic ancestry]
   308 | D:1      | Reached XP level 2. HP: 24/24 MP: 2/2
   408 | D:1      | Found a faded altar of an unknown god.
   665 | D:1      | Reached skill level 2 in Armour
  1119 | D:2      | Gained mutation: You are partially covered in icy blue
                  | scales. (AC +2) [demonic ancestry]
  1119 | D:2      | Reached XP level 3. HP: 25/30 MP: 3/3
  1122 | D:2      | Reached ** piety under Trog
  1123 | D:2      | Reached skill level 4 in Fighting
  1310 | D:2      | Found Gakkeore's Antique Armour Boutique.
  1781 | D:3      | Reached XP level 4. HP: 33/38 MP: 4/4
  1792 | D:3      | Reached skill level 3 in Armour
  1850 | D:3      | Reached XP level 5. HP: 43/43 MP: 5/5
  2005 | D:3      | Reached skill level 5 in Fighting
  2229 | D:3      | Reached skill level 4 in Armour
  2299 | D:3      | Found Xabrosul's Weapon Shoppe.
  2329 | D:3      | You pick up a book of Blood {forbidden} and begin
                  | reading...
  2329 | D:3      | You add the spells Sublimation of Blood, Wereblood and
                  | Summon Hydra to your library.
  2420 | D:3      | Reached *** piety under Trog
  2421 | D:3      | Reached XP level 6. HP: 48/51 MP: 6/6
  2700 | D:3      | Gained mutation: You have sharp toenails. [potion of
                  | mutation]
  2713 | D:3      | HP: 11/52 [ogre/+0 giant spiked club (21)]
  2717 | D:3      | Reached skill level 6 in Fighting
  2728 | D:3      | HP: 13/52 [gnoll/+0 halberd (7)]
  2737 | D:3      | Reached XP level 7. HP: 22/58 MP: 7/7
  3108 | D:4      | Noticed Ijyb
  3110 | D:4      | Reached skill level 5 in Armour
  3114 | D:4      | Killed Ijyb
  3139 | D:4      | Identified the +5 battleaxe of Embarrassment {freeze, rPois
                  | rN++ Str-3 Stlth+}
  3214 | D:4      | Found a staircase to the Ecumenical Temple.
  3426 | D:4      | Found a stormy altar of Qazlal.
  3433 | D:4      | Found a shadowy altar of Dithmenos.
  3439 | D:4      | Found a snail-covered altar of Cheibriados.
  3446 | D:4      | Found a sacrificial altar of Ru.
  3452 | D:4      | Found an opulent altar of Gozag.
  3471 | D:4      | Found a blossoming altar of Fedhas.
  3639 | D:4      | Found a runed translucent door.
  3640 | D:4      | Noticed Crazy Yiuf
  4128 | D:4      | Killed Crazy Yiuf
  4213 | D:2      | Bought a tower shield for 103 gold pieces
  4265 | D:5      | Entered Level 5 of the Dungeon
  4275 | D:5      | Noticed Duvessa
  4279 | D:5      | Noticed Dowan
  4288 | D:5      | Killed Duvessa
  4289 | D:5      | Reached skill level 2 in Shields
  4289 | D:5      | Killed Dowan
  4716 | D:5      | Reached skill level 3 in Shields
  4716 | D:5      | Lost mutation: You have sharp toenails. [demonic ancestry]
  4716 | D:5      | Gained mutation: You have large cloven feet. [demonic
                  | ancestry]
  4716 | D:5      | Reached XP level 8. HP: 65/65 MP: 8/8
  4730 | D:5      | Reached skill level 4 in Shields
  4845 | D:5      | Gained mutation: You are dopey. (Int -2) [potion of
                  | mutation]
  4845 | D:5      | Gained mutation: Armour fits poorly on your strangely
                  | shaped body. [potion of mutation]
  4846 | D:5      | Lost mutation: You are dopey. (Int -2) [potion of mutation]
  4846 | D:5      | Lost mutation: Armour fits poorly on your strangely shaped
                  | body. [potion of mutation]
  4846 | D:5      | Gained mutation: You possess an exceptional clarity of
                  | mind. [potion of mutation]
  4846 | D:5      | Gained mutation: You have a pair of small antennae on your
                  | head. [potion of mutation]
  4987 | D:5      | Noticed Blork the orc
  4991 | D:5      | Killed Blork the orc
  5121 | D:5      | Found Pimiebyn's Jewellery Emporium.
  5446 | D:6      | Reached skill level 5 in Shields
  5550 | D:6      | Noticed Maggie
  5566 | D:6      | Killed Maggie
  5567 | D:6      | Reached skill level 6 in Shields
  5769 | D:6      | Noticed Edmund
  5778 | D:6      | Killed Edmund
  5840 | D:6      | Reached skill level 7 in Shields
  5879 | D:6      | Gained mutation: You have hoof-like feet. [demonic
                  | ancestry]
  5879 | D:6      | Reached XP level 9. HP: 38/71 MP: 9/9
  6736 | D:7      | Reached skill level 8 in Shields
  6738 | D:7      | HP: 26/106 [kobold/+0 dagger of electrocution (16)]
  7290 | D:7      | Reached skill level 9 in Shields
  7785 | D:7      | Reached skill level 10 in Shields
  7885 | D:8      | Reached XP level 10. HP: 77/77 MP: 10/10
  8001 | D:8      | Found a staircase to the Lair.
  8035 | D:8      | Found a radiant altar of Vehumet.
  8081 | D:8      | Found a basalt altar of Yredelemnul.
  8477 | D:9      | Reached **** piety under Trog
  8528 | D:9      | Reached skill level 11 in Shields
  8628 | D:10     | Entered Level 10 of the Dungeon
  8628 | D:10     | Noticed Josephine
  8710 | D:10     | Killed Josephine
  8711 | D:10     | Reached skill level 12 in Shields
  8760 | D:10     | Found an ornate altar of the Wu Jian Council.
  8854 | D:10     | HP: 25/115 [meliai/+0 hand axe (5)]
  9058 | D:10     | You add the spells Freeze, Poisonous Vapours, Hailstorm,
                  | Simulacrum and Ozocubu's Refrigeration to your library.
  9058 | D:10     | Got the Volume of the Glacier and Poison {forbidden}
  9136 | D:10     | Noticed a gargoyle
  9156 | D:10     | Killed a gargoyle
  9157 | D:10     | Reached skill level 13 in Shields
  9160 | D:10     | You pick up a book of the Tundra {forbidden} and begin
                  | reading...
  9573 | D:11     | Noticed a purple ugly thing
  9590 | D:11     | Killed a purple ugly thing
  9591 | D:11     | Reached XP level 11. HP: 41/83 MP: 11/11
  9891 | D:9      | Noticed a soul eater
 10054 | D:5      | Bought a +4 ring of evasion for 540 gold pieces
 10158 | Lair:1   | Entered Level 1 of the Lair of Beasts
 10299 | Lair:1   | Noticed Sonja
 10320 | Lair:1   | Identified a scroll of acquirement
 10320 | Lair:1   | Acquired a +5 quick blade
 10322 | Lair:1   | the +5 quick blade {shortrare=g} glows red for a moment.
 10323 | Lair:1   | Found a dark tunnel.
 10456 | Lair:1   | Killed Sonja
 10457 | Lair:1   | Reached skill level 14 in Shields
 10466 | Lair:1   | c - a +6 quick blade {shortrare=g}
 10467 | Lair:1   | your +6 quick blade {shortrare=g} erupts in a glittering
                  | mayhem of colour.
 10467 | Lair:1   | c - a +6 quick blade of chaos {shortrare=g}
 10468 | Lair:1   | your +6 quick blade of chaos {shortrare=g} is briefly
                  | surrounded by a scintillating aura of random colours.
 10468 | Lair:1   | c - a +6 quick blade of chaos (weapon) {shortrare=g}
 10745 | Lair:1   | Reached skill level 1 in Short Blades
 10748 | Lair:1   | You pick up a book of the Sky {forbidden} and begin
                  | reading...
 10748 | Lair:1   | You add the spells Summon Lightning Spire, Storm Form and
                  | Maxwell's Capacitive Coupling to your library.
 10856 | Lair:1   | You add the spells Sting, Spider Form and Animate Armour to
                  | your library.
 10856 | Lair:1   | Got the Tome of Dusty Poisoning {forbidden}
 10960 | Lair:1   | Reached skill level 2 in Short Blades
 11575 | Lair:1   | Reached skill level 3 in Short Blades
 12162 | Lair:2   | Reached skill level 4 in Short Blades
 12329 | Lair:2   | Found a hole to the Spider Nest.
 12467 | Lair:2   | Reached skill level 5 in Short Blades
 12496 | Lair:2   | Reached skill level 15 in Shields
 12571 | Lair:2   | Noticed an eight-headed hydra
 12579 | Lair:2   | HP: 26/124 [eight-headed hydra (8)]
 12581 | Lair:2   | HP: 3/124 [eight-headed hydra (10)]
 12581 | Lair:2   | Mangled by an eight-headed hydra

Vanquished Creatures
  Josephine (D:10)
  Sonja (Lair:1)
  An ugly thing (D:11)
  2 cane toads (Lair:1)
  Maggie (D:6)
  A gargoyle (D:10)
  A kobold demonologist (D:9)
  3 komodo dragons
  3 meliai (D:10)
  A jumping spider (Lair:2)
  4 culicivoras (Lair:2)
  3 fire bats (Lair:1)
  13 yaks
  2 wyverns (D:9)
  A basilisk (shapeshifter) (Lair:1)
  A steam dragon (D:7)
  4 wraiths
  5 redbacks (Lair:2)
  2 vampire mosquitoes (D:11)
  2 basilisks (Lair:2)
  Edmund (D:6)
  5 water moccasins
  Duvessa (D:5)
  3 ice beasts
  2 orc warriors
  A sky beast (D:7)
  4 black bears
  4 ogres
  6 centaurs
  2 kobold brigands
  Blork the orc (D:5)
  5 bullfrogs
  A scorpion (D:6)
  A wight (D:8)
  A necrophage (D:8)
  Dowan (D:5)
  10 killer bees
  3 jellies
  3 orc priests
  5 hounds
  Crazy Yiuf (D:4)
  Ijyb (D:4)
  8 hell rats (Lair:1)
  An iguana (D:5)
  5 orc wizards
  24 gnolls (D:3)
  8 adders
  16 river rats (Lair:1)
  A shadow imp (D:6)
  2 white imps
  An ufetubus (D:5)
  4 dart slugs
  38 orcs
  3 bats
  5 endoplasms
  A giant cockroach (D:3)
  2 goblins
  7 hobgoblins
  15 jackals
  17 kobolds
  8 quokkas
  8 ball pythons
  2 frilled lizards
  15 rats
  A spectral orc (D:8)
306 creatures vanquished.

Vanquished Creatures (others)
  An orc (D:7)
  A bush (D:8)
  10 fungi
  19 plants
31 creatures vanquished.

Grand Total: 337 creatures vanquished

Table legend:
 A = Non-vault XP
 B = Vault XP
 C = Vault XP percentage of total XP
 D = Non-vault monster count
 E = Vault monster count
 F = Vault count percentage of total count
                 A         B        C        D         E       F
            +---------+---------+-------+---------+---------+-------
      Total |   12273 |    8686 |  41.4 |     178 |     128 |  41.8
            +---------+---------+-------+---------+---------+-------
        D:1 |      29 |       0 |   0.0 |      18 |       0 |   0.0
        D:2 |      49 |       0 |   0.0 |      15 |       0 |   0.0
        D:3 |      46 |     653 |  93.4 |      12 |      55 |  82.1
        D:4 |     287 |      75 |  20.7 |      12 |       2 |  14.3
        D:5 |     400 |     312 |  43.8 |      16 |       3 |  15.8
        D:6 |     839 |     552 |  39.7 |      12 |       2 |  14.3
        D:7 |    1230 |     132 |   9.7 |      23 |       1 |   4.2
        D:8 |     367 |     792 |  68.3 |      16 |       8 |  33.3
        D:9 |    1447 |       0 |   0.0 |      20 |       0 |   0.0
       D:10 |    1504 |    1325 |  46.8 |       6 |       3 |  33.3
       D:11 |    1062 |     404 |  27.6 |       6 |       2 |  25.0
     Lair:1 |    2994 |    2097 |  41.2 |      13 |      40 |  75.5
     Lair:2 |    2019 |    2344 |  53.7 |       9 |      12 |  57.1
            +---------+---------+-------+---------+---------+-------

Illustrated notes

Table legend:
 A = Kills in this place as a percentage of kills in entire the game.
 B = Kills by you in this place as a percentage of kills by you in the entire game.
 C = Kills by friends in this place as a percentage of kills by friends in the entire game.
 D = Other kills in this place as a percentage of other kills in the entire game.
 E = Experience gained in this place as a percentage of experience gained in the entire game.
 F = Experience gained in this place divided by the number of levels of this place that you have seen.
                   A       B       C       D       E      F
               +-------+-------+-------+-------+-------+----------------------
         Total | 100.0 | 100.0 |   N/A |   N/A | 100.0 | 1612.2
       Dungeon |  75.8 |  75.8 |   N/A |   N/A |  54.9 | 1045.9
          Lair |  24.2 |  24.2 |   N/A |   N/A |  45.1 | 4727.0
               +-------+-------+-------+-------+-------+----------------------

Table legend: (Time is in decaauts)
 A = Elapsed time spent in this place.
 B = Non-inter-level travel time spent in this place.
 C = Inter-level travel time spent in this place.
 D = Time resting spent in this place.
 E = Time spent auto-exploring this place.
 F = Levels seen in this place.
 G = Mean time per level.
                   A        B        C        D        E       F      G
               +--------+--------+--------+--------+--------+-----+--------+
         Total |  12924 |  12053 |    871 |   2994 |   6887 |  13 |  994.2 |
       Dungeon |  10527 |   9686 |    841 |   2346 |   5648 |  11 |  957.0 |
          Lair |   2397 |   2368 |     29 |    647 |   1238 |   2 | 1198.5 |
               +--------+--------+--------+--------+--------+-----+--------+

Top non-repeatable levels by time:
  Lair:1: 1620 daAuts
     D:6: 1403 daAuts
     D:3: 1402 daAuts
     D:5: 1311 daAuts
     D:4: 1216 daAuts
     D:7: 1161 daAuts
     D:1: 998 daAuts
  Lair:2: 776 daAuts
    D:10: 720 daAuts
     D:2: 717 daAuts
    D:11: 642 daAuts
     D:8: 633 daAuts
     D:9: 319 daAuts
